 Dungeon Sprint DCSS version 0.19.5 (webtiles) character file.

437 snowfan the Arsonist (level 6, -8/32 HPs)
             Began as a Deep Elf Fire Elementalist on Apr 17, 2017.
             Was an Initiate of Vehumet.
             Mangled by Sonja
             ... wielding a +0 dagger of distortion
              (18 damage)
             ... in the Dungeon (Sprint I: "Red Sonja").
             The game lasted 00:08:23 (788 turns).

snowfan the Arsonist (Deep Elf Fire Elementalist)    Turns: 788, Time: 00:08:24

Health: -8/32      AC:  2    Str:  5    XL:     6   Next: 69%
Magic:  16/20      EV: 18    Int: 22    God:    Vehumet [......]
Gold:   57         SH:  0    Dex: 15    Spells: 8 memorised, 2 levels left

rFire  . . .     SeeInvis .     e - +0 scythe (freeze)
rCold  . . .     Gourm    .     a - +0 robe
rNeg   . . .     Faith    .     (shield currently unavailable)
rPois  .         Spirit   .     (no helmet)
rElec  .         Reflect  .     (no cloak)
rCorr  .         Harm     .     (no gloves)
MR     .....     NoTele   +     (no boots)
Stlth  ++........               (no amulet)
                                (no ring)
                                (no ring)

@: repel missiles
A: no striking features
a: Renounce Religion


You were in the Dungeon.
You worshipped Vehumet.
Vehumet was noncommittal.
You were not hungry.

You visited 1 branch You collected 297 gold pieces.
You spent 240 gold pieces at shops.

Inventory:

Hand Weapons
 e - a +0 scythe of freezing (weapon)
 j - a +0 club
Armour
 a - a +0 robe (worn)
Scrolls
 i - a scroll of amnesia {unknown}
Potions
 d - a potion of curing
 f - a potion of haste
 g - 2 potions of magic
 h - 3 potions of berserk rage
Books
 b - a book of Flames

   Spells                             Type                      Level
   a - Flame Tongue                   Conjuration/Fire             1
   b - Throw Flame                    Conjuration/Fire             2
   c - Conjure Flame                  Conjuration/Fire             3
   d - Inner Flame                    Hexes/Fire                   3
   e - Sticky Flame                   Conjuration/Fire             4
   f - Fireball                       Conjuration/Fire             5
 l - a book of Minor Magic

   Spells                             Type                      Level
   a - Magic Dart                     Conjuration                  1
   b - Blink                          Translocation                2
   c - Call Imp                       Summoning                    2
   d - Repel Missiles                 Charms/Air                   2
   e - Slow                           Hexes                        2
   f - Conjure Flame                  Conjuration/Fire             3
   g - Mephitic Cloud                 Conjuration/Poison/Air       3
Comestibles
 c - a bread ration
 k - 5 chunks of flesh


   Skills:
 + Level 8.9 Dodging
 - Level 2.4 Stealth
 + Level 9.9 Spellcasting
 - Level 1.1 Conjurations
 * Level 11.4 Fire Magic


You had 2 spell levels left.
You knew the following spells:

 Your Spells              Type           Power        Failure   Level  Hunger
a - Flame Tongue          Conj/Fire      #####        1%          1    None
b - Blink                 Tloc           N/A          12%         2    None
c - Conjure Flame         Conj/Fire      #####...     1%          3    None
f - Fireball              Conj/Fire      #####.....   14%         5    ####...
i - Inner Flame           Hex/Fire       #####...     1%          3    None
q - Repel Missiles        Chrm/Air       ##....       12%         2    None
s - Throw Flame           Conj/Fire      #####.       1%          2    None
x - Sticky Flame          Conj/Fire      #####...     6%          4    ##.....


Dungeon Overview and Level Annotations

Branches:
Dungeon (1/1)

Altars:
Cheibriados
Dithmenos
Elyvilon
Fedhas
Gozag
Hepliaklqana
Kikubaaqudgha
Nemelex Xobeh
Okawaru
Qazlal
Ru
Sif Muna
Trog
Uskayaw
Vehumet
Yredelemnul
Zin
The Shining One

Shops:
D :

Annotations:
D Sonja


Message History

Confirm with . or Enter, or press ? or * to list all spells.
Aiming: Throw Flame
Press: ? - help, Shift-Dir - straight line, f/p - Sonja
Aim: Sonja, wielding a blowgun (lightly wounded)
The puff of flame hits Sonja.
Sonja is moderately wounded.
Sonja gestures wildly while chanting.
Sonja blinks!
Sonja unwields an uncursed blowgun.
Sonja wields an uncursed dagger of distortion.
Its appearance distorts for a moment.
Sonja closely misses you. Sonja barely misses you.
Sonja hits you but does no damage. Space warps horribly around you!
Ouch! That really hurt!
* * * LOW HITPOINT WARNING * * *
You miss Sonja.
Sonja is moderately wounded.
Sonja completely misses you. Sonja hits you but does no damage.
Space warps horribly around you!
Ouch! That really hurt!
You die...

################
#<.#..)..#..'..#
#..'..#..[..#..+
#..#####'#####'#
#..####..#...#.#
#..#__####..##.#
#..#_____##'#..+
#⌠⌠#_.∩...'K(._#
####_..__##_@#+#
#_____###'#
####### #.# $.$
$.$ ##.## #+#


You could see Sonja.

Vanquished Creatures
  Sigmund (D)
  A yak (D)
  An ogre (D)
  A jelly (D)
  Ijyb (D)
5 creatures vanquished.

Notes
Turn   | Place    | Note
-------+----------+-------------------------------------------
     0 | D        | snowfan the Deep Elf Fire Elementalist began the quest for the Orb.
     0 | D        | Reached XP level 1. HP: 10/10 MP: 6/6
     3 | D        | Noticed Ijyb
    13 | D        | Killed Ijyb
    13 | D        | Reached skill level 5 in Fire Magic
    13 | D        | Reached XP level 2. HP: 15/15 MP: 0/9
    93 | D        | Noticed an ogre
    98 | D        | Killed an ogre
    98 | D        | Reached skill level 5 in Dodging
    98 | D        | Reached skill level 7 in Fire Magic
    98 | D        | Reached XP level 3. HP: 19/19 MP: 4/13
    98 | D        | Reached XP level 4. HP: 24/24 MP: 4/14
   108 | D        | Learned a level 3 spell: Conjure Flame
   112 | D        | Learned a level 3 spell: Inner Flame
   115 | D        | Learned a level 2 spell: Throw Flame
   120 | D        | Learned a level 4 spell: Sticky Flame
   181 | D        | Noticed Sigmund
   196 | D        | Killed Sigmund
   196 | D        | Reached skill level 10 in Fire Magic
   196 | D        | Reached XP level 5. HP: 5/28 MP: 9/18
   563 | D        | Found a deep blue altar of Sif Muna.
   565 | D        | Found a radiant altar of Vehumet.
   570 | D        | Reached XP level 6. HP: 22/32 MP: 15/20
   607 | D        | Became a worshipper of Vehumet
   676 | D        | Learned a level 5 spell: Fireball
   692 | D        | Found Sysmam's Book Emporium.
   692 | D        | Found an ancient bone altar of Kikubaaqudgha.
   692 | D        | Found a hazy altar of Hepliaklqana.
   692 | D        | Found a stormy altar of Qazlal.
   692 | D        | Found a hide-covered altar of Uskayaw.
   692 | D        | Found a blossoming altar of Fedhas.
   692 | D        | Found a bloodstained altar of Trog.
   692 | D        | Found an iron altar of Okawaru.
   692 | D        | Found a basalt altar of Yredelemnul.
   692 | D        | Found a glowing golden altar of the Shining One.
   692 | D        | Found a snail-covered altar of Cheibriados.
   692 | D        | Found a sacrificial altar of Ru.
   692 | D        | Found a glowing silver altar of Zin.
   692 | D        | Found a shadowy altar of Dithmenos.
   692 | D        | Found a white marble altar of Elyvilon.
   692 | D        | Noticed a yak
   696 | D        | Killed a yak
   696 | D        | Reached skill level 11 in Fire Magic
   758 | D        | Found an opulent altar of Gozag.
   761 | D        | Found a sparkling altar of Nemelex Xobeh.
   765 | D        | Bought a book of Minor Magic for 240 gold pieces
   768 | D        | Learned a level 2 spell: Blink
   771 | D        | Learned a level 2 spell: Repel Missiles
   785 | D        | Noticed Sonja
   788 | D        | Mangled by Sonja

Skill      XL: |  1  2  3  4  5  6 |
---------------+-------------------+-----
Dodging        | 4 5 7 8 |  8.9
Spellcasting   | 4 6 8 9 |  9.9
Fire Magic     | 5 7 10 11 | 11.4
Stealth        | |  2.4
Conjurations   | |  1.1

Action                   |  1- 3 |  4- 6 || total
-------------------------+-------+-------++-------
Melee: Scythe            |       |     1 ||     1
 Cast: Flame Tongue      |    10 |     3 ||    13
       Sticky Flame      |       |     3 ||     3
       Throw Flame       |       |     5 ||     5
       Conjure Flame     |       |     1 ||     1
       Repel Missiles    |       |     1 ||     1
  Use: Scroll            |       |     1 ||     1
       Potion            |       |     1 ||     1
Armor: Robe              |       |     1 ||     1
Dodge: Dodged            |     5 |    10 ||    15
